%YAML 1.1
%TAG !u! tag:unity3d.com,2011:
--- !u!114 &11400000
MonoBehaviour:
  m_ObjectHideFlags: 0
  m_CorrespondingSourceObject: {fileID: 0}
  m_PrefabInstance: {fileID: 0}
  m_PrefabAsset: {fileID: 0}
  m_GameObject: {fileID: 0}
  m_Enabled: 1
  m_EditorHideFlags: 0
  m_Script: {fileID: 11500000, guid: 15f0118ce50c1894487d3c82fab5e80a, type: 3}
  m_Name: O111 - Gumicuk
  m_EditorClassIdentifier: 
  nodes:
  - {fileID: 114837865006011180}
  - {fileID: 114783274074651120}
  - {fileID: 114829819786598672}
  connections:
  - {fileID: 114515039241896744}
  - {fileID: 114036793004240850}
  i: 3
  corruptionReport: 
--- !u!114 &114036793004240850
MonoBehaviour:
  m_ObjectHideFlags: 0
  m_CorrespondingSourceObject: {fileID: 0}
  m_PrefabInstance: {fileID: 0}
  m_PrefabAsset: {fileID: 0}
  m_GameObject: {fileID: 0}
  m_Enabled: 1
  m_EditorHideFlags: 0
  m_Script: {fileID: 11500000, guid: c83906d02ff79e44a87686bb3e9d622c, type: 3}
  m_Name: O111 - Gumicuk-R-1 -- O111 - Gumicuk-T-2
  m_EditorClassIdentifier: 
  inPort: {fileID: 114378207451789750}
  outPort: {fileID: 114366128844722422}
--- !u!114 &114113507559410860
MonoBehaviour:
  m_ObjectHideFlags: 0
  m_CorrespondingSourceObject: {fileID: 0}
  m_PrefabInstance: {fileID: 0}
  m_PrefabAsset: {fileID: 0}
  m_GameObject: {fileID: 0}
  m_Enabled: 1
  m_EditorHideFlags: 0
  m_Script: {fileID: 11500000, guid: 20b5064632769b640943e81336d488d2, type: 3}
  m_Name: O111 - Gumicuk-T-2-T
  m_EditorClassIdentifier: 
  type: {fileID: 11400000, guid: ac22e1bb95f716e409b7dbe7c83827df, type: 2}
  variable: {fileID: 11400000, guid: a8ee7f4a6b51c134aa979ee0d94b929d, type: 2}
  intParam: -1
  entryPoint: {fileID: 0}
  stringParam: 
  boolParam: 0
  character: {fileID: 0}
  floatParam: 0
  stringOptions: []
--- !u!114 &114323761605405082
MonoBehaviour:
  m_ObjectHideFlags: 0
  m_CorrespondingSourceObject: {fileID: 0}
  m_PrefabInstance: {fileID: 0}
  m_PrefabAsset: {fileID: 0}
  m_GameObject: {fileID: 0}
  m_Enabled: 1
  m_EditorHideFlags: 0
  m_Script: {fileID: 11500000, guid: 92897b83d3ac44d4fb3722cc5d2189d2, type: 3}
  m_Name: O111 - Gumicuk-R-1-inPort
  m_EditorClassIdentifier: 
  Direction: 0
  attachedToNode: {fileID: 114783274074651120}
  centerInAbsolute: {x: 326.84995, y: 186.24997}
  connections:
  - {fileID: 114515039241896744}
  buttonRectInRelative:
    serializedVersion: 2
    x: 0
    y: 25
    width: 12
    height: 12
--- !u!114 &114366128844722422
MonoBehaviour:
  m_ObjectHideFlags: 0
  m_CorrespondingSourceObject: {fileID: 0}
  m_PrefabInstance: {fileID: 0}
  m_PrefabAsset: {fileID: 0}
  m_GameObject: {fileID: 0}
  m_Enabled: 1
  m_EditorHideFlags: 0
  m_Script: {fileID: 11500000, guid: 92897b83d3ac44d4fb3722cc5d2189d2, type: 3}
  m_Name: O111 - Gumicuk-T-2-inPort
  m_EditorClassIdentifier: 
  Direction: 0
  attachedToNode: {fileID: 114829819786598672}
  centerInAbsolute: {x: 730.35, y: 198.89998}
  connections:
  - {fileID: 114036793004240850}
  buttonRectInRelative:
    serializedVersion: 2
    x: 0
    y: 25
    width: 12
    height: 12
--- !u!114 &114378207451789750
MonoBehaviour:
  m_ObjectHideFlags: 0
  m_CorrespondingSourceObject: {fileID: 0}
  m_PrefabInstance: {fileID: 0}
  m_PrefabAsset: {fileID: 0}
  m_GameObject: {fileID: 0}
  m_Enabled: 1
  m_EditorHideFlags: 0
  m_Script: {fileID: 11500000, guid: 92897b83d3ac44d4fb3722cc5d2189d2, type: 3}
  m_Name: O111 - Gumicuk-R-1-outPort
  m_EditorClassIdentifier: 
  Direction: 1
  attachedToNode: {fileID: 114783274074651120}
  centerInAbsolute: {x: 564.85, y: 186.24997}
  connections:
  - {fileID: 114036793004240850}
  buttonRectInRelative:
    serializedVersion: 2
    x: 238
    y: 25
    width: 12
    height: 12
--- !u!114 &114515039241896744
MonoBehaviour:
  m_ObjectHideFlags: 0
  m_CorrespondingSourceObject: {fileID: 0}
  m_PrefabInstance: {fileID: 0}
  m_PrefabAsset: {fileID: 0}
  m_GameObject: {fileID: 0}
  m_Enabled: 1
  m_EditorHideFlags: 0
  m_Script: {fileID: 11500000, guid: c83906d02ff79e44a87686bb3e9d622c, type: 3}
  m_Name: O111 - Gumicuk-EP-0 -- O111 - Gumicuk-R-1
  m_EditorClassIdentifier: 
  inPort: {fileID: 114801126811119022}
  outPort: {fileID: 114323761605405082}
--- !u!114 &114536842906593706
MonoBehaviour:
  m_ObjectHideFlags: 0
  m_CorrespondingSourceObject: {fileID: 0}
  m_PrefabInstance: {fileID: 0}
  m_PrefabAsset: {fileID: 0}
  m_GameObject: {fileID: 0}
  m_Enabled: 1
  m_EditorHideFlags: 0
  m_Script: {fileID: 11500000, guid: 20b5064632769b640943e81336d488d2, type: 3}
  m_Name: O111 - Gumicuk-T-2-T
  m_EditorClassIdentifier: 
  type: {fileID: 11400000, guid: 53fecbc1400a4d947a9e395c1e20a4a7, type: 2}
  variable: {fileID: 11400000, guid: f363e4182818e8a4482af25558a30cbe, type: 2}
  intParam: -1
  entryPoint: {fileID: 0}
  stringParam: 
  boolParam: 0
  character: {fileID: 0}
  floatParam: 0
  stringOptions: []
--- !u!114 &114783274074651120
MonoBehaviour:
  m_ObjectHideFlags: 0
  m_CorrespondingSourceObject: {fileID: 0}
  m_PrefabInstance: {fileID: 0}
  m_PrefabAsset: {fileID: 0}
  m_GameObject: {fileID: 0}
  m_Enabled: 1
  m_EditorHideFlags: 0
  m_Script: {fileID: 11500000, guid: a369827a53a8b544fac030b468de9f7b, type: 3}
  m_Name: O111 - Gumicuk-R-1
  m_EditorClassIdentifier: 
  uniqueId: O111 - Gumicuk-R-1
  nameWithinDialog: R-1
  parentGraph: {fileID: 11400000}
  inPort: {fileID: 114323761605405082}
  outPorts:
  - {fileID: 114378207451789750}
  pointsTo: []
  position: {x: 0, y: 0}
  rect:
    serializedVersion: 2
    x: 320.84995
    y: 155.24997
    width: 250
    height: 150
  isDragged: 0
  isSelected: 1
  nodeNameRect:
    serializedVersion: 2
    x: 15
    y: 10
    width: 146
    height: 30
  corruptionReport: 
  speaker: {fileID: 11400000, guid: bd4269cbd9a00b64fa93d3034e3bb339, type: 2}
  replicAudio: {fileID: 0}
  scroll: {x: 0, y: 0}
  currentLang: 0
  translation:
    cs: "Gumicuk. Ten by se mi mohl na n\u011Bco hodit."
    en: 
--- !u!114 &114801126811119022
MonoBehaviour:
  m_ObjectHideFlags: 0
  m_CorrespondingSourceObject: {fileID: 0}
  m_PrefabInstance: {fileID: 0}
  m_PrefabAsset: {fileID: 0}
  m_GameObject: {fileID: 0}
  m_Enabled: 1
  m_EditorHideFlags: 0
  m_Script: {fileID: 11500000, guid: 92897b83d3ac44d4fb3722cc5d2189d2, type: 3}
  m_Name: O111 - Gumicuk-EP-0-outPort
  m_EditorClassIdentifier: 
  Direction: 1
  attachedToNode: {fileID: 114837865006011180}
  centerInAbsolute: {x: 224, y: 181}
  connections:
  - {fileID: 114515039241896744}
  buttonRectInRelative:
    serializedVersion: 2
    x: 168
    y: 25
    width: 12
    height: 12
--- !u!114 &114829819786598672
MonoBehaviour:
  m_ObjectHideFlags: 0
  m_CorrespondingSourceObject: {fileID: 0}
  m_PrefabInstance: {fileID: 0}
  m_PrefabAsset: {fileID: 0}
  m_GameObject: {fileID: 0}
  m_Enabled: 1
  m_EditorHideFlags: 0
  m_Script: {fileID: 11500000, guid: 5ab8e39e5de1e8146b9d50b8568d7681, type: 3}
  m_Name: O111 - Gumicuk-T-2
  m_EditorClassIdentifier: 
  uniqueId: O111 - Gumicuk-T-2
  nameWithinDialog: T-2
  parentGraph: {fileID: 11400000}
  inPort: {fileID: 114366128844722422}
  outPorts:
  - {fileID: 114837584367737456}
  pointsTo: []
  position: {x: 0, y: 0}
  rect:
    serializedVersion: 2
    x: 724.35
    y: 167.89998
    width: 300
    height: 275
  isDragged: 0
  isSelected: 0
  nodeNameRect:
    serializedVersion: 2
    x: 15
    y: 10
    width: 180
    height: 30
  corruptionReport: 
  triggers:
  - {fileID: 114113507559410860}
  - {fileID: 114536842906593706}
  triggerMultiOptionIndex: 0
--- !u!114 &114837584367737456
MonoBehaviour:
  m_ObjectHideFlags: 0
  m_CorrespondingSourceObject: {fileID: 0}
  m_PrefabInstance: {fileID: 0}
  m_PrefabAsset: {fileID: 0}
  m_GameObject: {fileID: 0}
  m_Enabled: 1
  m_EditorHideFlags: 0
  m_Script: {fileID: 11500000, guid: 92897b83d3ac44d4fb3722cc5d2189d2, type: 3}
  m_Name: O111 - Gumicuk-T-2-outPort
  m_EditorClassIdentifier: 
  Direction: 1
  attachedToNode: {fileID: 114829819786598672}
  centerInAbsolute: {x: 1018.35, y: 198.89998}
  connections: []
  buttonRectInRelative:
    serializedVersion: 2
    x: 288
    y: 25
    width: 12
    height: 12
--- !u!114 &114837865006011180
MonoBehaviour:
  m_ObjectHideFlags: 0
  m_CorrespondingSourceObject: {fileID: 0}
  m_PrefabInstance: {fileID: 0}
  m_PrefabAsset: {fileID: 0}
  m_GameObject: {fileID: 0}
  m_Enabled: 1
  m_EditorHideFlags: 0
  m_Script: {fileID: 11500000, guid: d687dbdf673d5ab4391e7faf19ac9f58, type: 3}
  m_Name: O111 - Gumicuk-EP-0
  m_EditorClassIdentifier: 
  uniqueId: O111 - Gumicuk-EP-0
  nameWithinDialog: EP-0
  parentGraph: {fileID: 11400000}
  inPort: {fileID: 0}
  outPorts:
  - {fileID: 114801126811119022}
  pointsTo: []
  position: {x: 0, y: 0}
  rect:
    serializedVersion: 2
    x: 50
    y: 150
    width: 180
    height: 100
  isDragged: 0
  isSelected: 0
  nodeNameRect:
    serializedVersion: 2
    x: 15
    y: 10
    width: 100
    height: 30
  corruptionReport: 
  note: 
